 Dungeon Crawl Stone Soup version 0.31-a0-1325-g33de52b (webtiles) character file.

Game seed: 3557709951197701918

4809 PublicAnimeNo1 the Toxicologist (level 10, -9/76 HPs)
             Began as a Demonspawn Alchemist on Dec 20, 2023.
             Was a Believer of Dithmenos.
             Mangled by a death yak (11 damage)
             ... on level 8 of the Dungeon.
             The game lasted 00:24:58 (8090 turns).

PublicAnimeNo1 the Toxicologist (DsAl)              Turns: 8090, Time: 00:24:59

Health: -9/76      AC:  9    Str:  8    XL:     10   Next: 24%
Magic:  13/17      EV: 16    Int: 30    God:    Dithmenos [**....]
Gold:   466        SH:  0    Dex: 17    Spells: 3/18 levels left

rFire   . . .        u - +3 dagger (venom)
rCold   . . .        (no shield)
rNeg    . . .        o - +0 leather armour
rPois   .            i - +2 hat {Int+3}
rElec   .            d - +0 cloak
rCorr   .            l - +0 pair of gloves
SInv    .            E - +1 pair of boots
Will    .....        (no amulet)
Stlth   +++++++      q - +5 ring of evasion
HPRegen 0.32/turn    w - +6 ring of intelligence
MPRegen 0.15/turn

%: no passive effects
@: wreathed by umbra
A: horns 2, thin skeletal structure 2, ignite blood 1, powered by death 1
a: Renounce Religion, Shadow Step


You were on level 8 of the Dungeon.
You worshipped Dithmenos.
Dithmenos was pleased with you.
You visited 2 branches of the dungeon, and saw 9 of its levels.

You collected 466 gold pieces.

Inventory:

Hand Weapons
 c - a +4 dagger
 u - a +3 dagger of venom (weapon)
Armour
 a - a +0 robe
 d - a +0 cloak (worn)
 i - a +2 hat of intelligence (worn)
 l - a +0 pair of gloves (worn)
 o - a +0 leather armour (worn)
 E - a +1 pair of boots (worn)
Jewellery
 q - a +5 ring of evasion (left hand)
 t - a ring of flight
 v - a +6 ring of dexterity
 w - a +6 ring of intelligence (right hand)
Talismans
 j - a beast talisman
Wands
 x - a wand of flame (18)
 y - a wand of polymorph (2)
 A - a wand of roots (6)
 D - a wand of paralysis (10)
Scrolls
 m - a scroll of enchant armour
 n - 2 scrolls of teleportation
 z - 2 scrolls of poison
 B - a scroll of enchant weapon
 C - 2 scrolls of identify
Potions
 b - a potion of magic
 e - 2 potions of invisibility
 f - 2 potions of brilliance
 g - 3 potions of mutation
 h - a potion of might
 k - a potion of curing
 p - 2 potions of heal wounds
 r - a potion of haste
 s - a potion of enlightenment {unknown}


   Skills:
 - Level 6.0 Fighting
 - Level 4.0 Short Blades
 - Level 1.7 Dodging
 + Level 6.9 Stealth
 + Level 4.8 Spellcasting
 - Level 2.0 Conjurations
 + Level 2.3 Fire Magic
 - Level 3.0 Air Magic
 + Level 9.3 Alchemy


You had 3 spell levels left.
You knew the following spells:

 Your Spells              Type           Power      Damage    Failure   Level
a - Sting                 Conj/Alch      100%       1d9       1%          1
b - Mercury Vapours       Alch/Air       88%        N/A       1%          2
c - Magic Dart            Conj           76%        1d6       3%          1
d - Mephitic Cloud        Conj/Alch/Air  35%        N/A       3%          3
e - Olgreb's Toxic Radia  Alch           58%        N/A       1%          4
f - Sticky Flame          Fire/Alch      42%        2d8       8%          4

Your spell library contained the following spells:

 Spells                   Type           Power      Damage    Failure   Level
 Slow                     Hex            28%        N/A       9%          1
 Blink                    Tloc           14%        N/A       13%         2
 Call Imp                 Summ           14%        N/A       13%         2
 Volatile Blastmotes      Fire/Tloc      28%        2d12      16%         3
 Dazzling Flash           Conj/Hex       26%        N/A       17%         3
 Call Canine Familiar     Summ           7%         N/A       26%         3
 Confusing Touch          Hex            7%         N/A       26%         3
 Sigil of Binding         Hex            7%         N/A       26%         3
 Vampiric Draining        Necr           7%         2d6       26%         3
 Dimensional Bullseye     Hex/Tloc       3%         N/A       65%         4
 Starburst                Conj/Fire      10%        6d5       99%         6
 Maxwell's Capacitive Co  Air            12%        ∞         100%        8


Dungeon Overview and Level Annotations

Branches:
Dungeon (8/15)             Temple (1/1) D:5            Lair (0/5) D:8

Altars:
Ashenzari
Cheibriados
Dithmenos
Gozag
Hepliaklqana
Kikubaaqudgha
Makhleb
Nemelex Xobeh
Okawaru
Qazlal
Ru
Sif Muna
Trog
Uskayaw
Vehumet
Wu Jian
Xom
Yredelemnul

Shops:
D:7 *   D:8 :

Annotations:
D:5 exclusion: water moccasin


Innate Abilities, Weirdness & Mutations

You have a pair of horns on your head.
You have a moderately thin skeletal structure. (Dex +4, Stealth++)
Your demonic aura sometimes causes spilled blood to erupt in flames.
You regenerate a little health from kills.


Message History

The roots release their grip on the yak.
The death yak gores you!
You hit the death yak but do no damage.
The death yak looks as sick as possible!
The death yak is moderately wounded.
The grasping roots constrict the death yak, but do no damage.
You hit the death yak but do no damage.
The death yak looks as sick as possible!
The death yak is moderately wounded.
The grasping roots constrict the death yak.
The roots release their grip on the death yak.
The death yak closely misses you.
You hit the death yak. Your headbutt misses the death yak.
The death yak is moderately wounded.
The death yak closely misses you.
You hit the death yak but do no damage.
The death yak looks as sick as possible!
The death yak is moderately wounded.
The death yak gores you.
You barely miss the death yak.
The death yak is moderately wounded.
The death yak gores you!
You hit the death yak but do no damage.
The death yak looks as sick as possible!
The death yak is moderately wounded.
You hit the death yak but do no damage.
The death yak is moderately wounded.
The death yak looks more healthy.
The death yak gores you!
* * * LOW HITPOINT WARNING * * *
The yak looks more healthy.
The death yak attacks as it pursues you!
The death yak gores you!!
* * * LOW HITPOINT WARNING * * *
You hit the death yak but do no damage.
You headbutt the death yak, but do no damage.
The death yak is heavily wounded.
The yak looks more healthy.
The death yak is engulfed in blazing flames.
The death yak gores you!
You die...

#....# ##.# ##....###..# ##
#.....##...# .. .#.........#
.# ..#........### ##.
.....).......###.# #
......)#.......#.# .##
##.)..###...##...# ##..
###).## #...###.@## #..#
...).## ##..#....Y###..#
..##..####....####†YY.#
####....##..### ##YY.#
.###......... #YY.#
..#......#...######...####
......#..##..............#.#
.........###...............#
#.......... .......YY.....##


You could see 2 death yaks and 4 yaks.

Vanquished Creatures
  A death yak (D:8)
  Pikel (D:4)
  A manticore (D:8)
  Eustachio (D:6)
  Menkaure (D:6)
  A water moccasin (D:7)
  2 orc warriors
  2 ice beasts (D:6)
  4 black bears
  3 ogres
  A phantom (D:6)
  2 centaurs (D:6)
  5 bullfrogs
  4 kobold brigands
  4 scorpions
  4 killer bees (D:8)
  A howler monkey (D:7)
  3 hounds
  3 jellies (D:6)
  An orc priest (D:6)
  4 iguanas
  6 orc wizards
  4 gnolls
  8 adders
  3 shadow imps
  3 white imps
  4 dart slugs
  22 orcs
  6 ball pythons
  5 endoplasms
  2 giant cockroaches (D:3)
  9 goblins
  9 hobgoblins
  27 kobolds
  2 quokkas (D:1)
  7 bats
  2 frilled lizards
  7 rats
175 creatures vanquished.

Notes
Turn   | Place    | Note
-------+----------+-------------------------------------------
     0 | D:1      | PublicAnimeNo1 the Demonspawn Alchemist began the quest for
                  | the Orb.
     0 | D:1      | Reached XP level 1. HP: 13/13 MP: 3/3
   182 | D:1      | Gained mutation: You have a somewhat thin skeletal
                  | structure. (Dex +2, Stealth+) [demonic ancestry]
   182 | D:1      | Reached XP level 2. HP: 20/20 MP: 3/5
   381 | D:1      | Reached skill level 1 in Fighting
   696 | D:1      | Reached XP level 3. HP: 26/26 MP: 2/6
  1019 | D:2      | Learned a level 2 spell: Mercury Vapours
  1256 | D:2      | Found a shimmering altar of Xom.
  1324 | D:2      | Reached XP level 4. HP: 22/32 MP: 1/7
  1514 | D:2      | Learned a level 1 spell: Magic Dart
  1657 | D:2      | Reached skill level 4 in Alchemy
  2485 | D:4      | Gained mutation: You have a pair of small horns on your
                  | head. [demonic ancestry]
  2485 | D:4      | Reached XP level 5. HP: 22/38 MP: 1/8
  2569 | D:4      | Noticed a lemure
  2569 | D:4      | Noticed a lemure
  2570 | D:4      | Noticed Pikel
  2578 | D:4      | Noticed a lemure
  2593 | D:4      | Killed Pikel
  2594 | D:4      | Reached skill level 5 in Alchemy
  2594 | D:4      | Gained mutation: You regenerate a little health from kills.
                  | [demonic ancestry]
  2594 | D:4      | Reached XP level 6. HP: 36/47 MP: 1/9
  2594 | D:4      | Gained mutation: Your demonic aura sometimes causes spilled
                  | blood to erupt in flames. [demonic ancestry]
  2594 | D:4      | Reached XP level 7. HP: 39/52 MP: 1/10
  3472 | D:5      | Entered Level 5 of the Dungeon
  3477 | D:5      | Found a staircase to the Ecumenical Temple.
  3546 | Temple   | Entered the Ecumenical Temple
  3581 | D:5      | Reached skill level 6 in Alchemy
  3585 | D:5      | Learned a level 3 spell: Mephitic Cloud
  3868 | D:5      | Found a shadowy altar of Dithmenos.
  3876 | D:5      | Became a worshipper of Dithmenos the Shadowed
  3901 | D:5      | Found an ornate altar of the Wu Jian Council.
  4274 | D:5      | Reached skill level 1 in Short Blades
  4285 | D:5      | Gained mutation: You have a pair of horns on your head.
                  | [demonic ancestry]
  4285 | D:5      | Reached XP level 8. HP: 31/60 MP: 1/11
  4824 | D:6      | Found a burning altar of Makhleb.
  4889 | D:6      | Found a radiant altar of Vehumet.
  4901 | D:6      | Noticed Menkaure
  4909 | D:6      | Killed Menkaure
  4910 | D:6      | Reached skill level 7 in Alchemy
  5092 | D:6      | Reached skill level 5 in Stealth
  5128 | D:6      | Found a stormy altar of Qazlal.
  5223 | D:6      | Noticed Eustachio
  5429 | D:6      | Learned a level 4 spell: Olgreb's Toxic Radiance
  5943 | D:6      | Reached skill level 5 in Fighting
  5955 | D:6      | Reached skill level 8 in Alchemy
  5955 | D:6      | Reached XP level 9. HP: 68/68 MP: 12/12
  6035 | D:6      | Reached * piety under Dithmenos
  6367 | D:6      | Killed Eustachio
  6867 | D:7      | Found Nomp's General Store.
  7176 | D:8      | Reached ** piety under Dithmenos
  7195 | D:8      | Learned a level 4 spell: Sticky Flame
  7319 | D:8      | Noticed a manticore
  7322 | D:8      | Found a broken altar of Ashenzari.
  7330 | D:8      | Killed a manticore
  7331 | D:8      | Reached skill level 1 in Fire Magic
  7331 | D:8      | Reached skill level 9 in Alchemy
  7331 | D:8      | Gained mutation: You have a moderately thin skeletal
                  | structure. (Dex +4, Stealth++) [demonic ancestry]
  7331 | D:8      | Reached XP level 10. HP: 70/76 MP: 6/16
  7653 | D:8      | Noticed a death yak
  7743 | D:8      | Found Exuati's Book Emporium.
  8063 | D:8      | Noticed a death yak
  8065 | D:8      | Found a staircase to the Lair.
  8066 | D:8      | Noticed a death yak
  8079 | D:8      | Killed a death yak
  8089 | D:8      | HP: 2/76 [death yak (21)]
  8090 | D:8      | Mangled by a death yak

Illustrated notes

Levels and vault maps discovered:
D:1:      lightli_molten_gateway, layout_rooms
D:2:      layout_rooms, basic_altar
D:3:      layout_basic, serial_glass, glass_columns_b, glass_columns_a,
          glass_columns_c, glass_columns_a, glass_columns_a, glass_columns_a,
          glass_columns_b, glass_columns_a
D:4:      layout_loops_ring, sigmund_army, uniq_pikel
D:5:      layout_basic, nicolae_dithmenos_the_darkroom,
          mainiacjoe_overflow_surrounded_room, minmay_temple_entry_waves,
          grunt_decor_clamped, dk_noncrumbling_2
D:6:      layout_rooms, mainiacjoe_overflow_chevrons, elyvilon_altar_3,
          mainiacjoe_overflow_alcove_1, lemuel_tele_altar,
          minmay_joined_circles, uniq_eustachio, uniq_menkaure
D:7:      layout_cave_pools, serial_shops, nicolae_shop_rolling_square
D:8:      layout_layer_cave, ashenzari_altar_1, dpeg_lair_monsters,
          nrook_loot_triangle, kennysheep_windowed_goal
Temple:   nicolae_temple_great_sept

Skill      XL: |  1  2  3  4  5  6  7  8  9 10 |
---------------+-------------------------------+-----
Stealth        | 2 3 4 5 6 |  6.9
Fighting       | 1 2 3 5 6 |  6.0
Conjurations   | 2 |  2.0
Alchemy        | 4 5 6 8 9 |  9.3
Air Magic      | 2 3 |  3.0
Short Blades   | 1 3 4 |  4.0
Spellcasting   | 4 |  4.8
Fire Magic     | 1 2 |  2.3
Dodging        | |  1.7

Action                     |  1- 3 |  4- 6 |  7- 9 | 10-12 || total
---------------------------+-------+-------+-------+-------++-------
  Melee: Dagger            |    40 |    15 |   188 |    33 ||   276
         Unarmed           |     3 |       |       |       ||     3
         Flail             |       |    22 |    30 |       ||    52
         Headbutt          |       |     3 |    45 |    12 ||    60
         Punch             |       |       |     5 |     1 ||     6
   Cast: Sting             |    57 |    43 |    54 |       ||   154
         Mercury Vapours   |     1 |     6 |    18 |       ||    25
         Magic Dart        |       |     1 |    35 |       ||    36
         Mephitic Cloud    |       |       |     1 |       ||     1
         Olgreb's Toxic Ra |       |       |     7 |     5 ||    12
         Sticky Flame      |       |       |     1 |       ||     1
  Evoke: Wand              |       |       |       |     1 ||     1
    Use: Scroll            |     2 |     5 |     8 |       ||    15
         Potion            |       |     1 |       |       ||     1
   Stab: Sleeping          |     2 |     3 |     6 |     2 ||    13
         Confused          |       |       |     2 |       ||     2
 Armour: Robe              |    19 |    42 |     1 |       ||    62
         Leather armour    |       |       |    97 |    18 ||   115
  Dodge: Dodged            |    43 |    23 |   171 |    22 ||   259
   Form: Beast             |     1 |       |       |       ||     1
                           |     1 |       |       |       ||     1

Table legend: (Time is in decaauts)
 A = Elapsed time spent in this place.
 B = Non-inter-level travel time spent in this place.
 C = Inter-level travel time spent in this place.
 D = Time resting spent in this place.
 E = Time spent auto-exploring this place.
 F = Levels seen in this place.
 G = Mean time per level.
                   A        B        C        D        E       F      G
               +--------+--------+--------+--------+--------+-----+--------+
         Total |   8075 |   7822 |    253 |   1301 |   5043 |   9 |  897.2 |
       Dungeon |   8071 |   7819 |    252 |   1301 |   5043 |   8 | 1008.9 |
        Temple |      3 |      3 |      0 |      0 |      0 |   1 |    3.0 |
               +--------+--------+--------+--------+--------+-----+--------+

Top non-repeatable levels by time:
     D:6: 1557 daAuts
     D:5: 1348 daAuts
     D:8: 1052 daAuts
     D:4: 1020 daAuts
     D:1: 987 daAuts
     D:2: 934 daAuts
     D:7: 625 daAuts
     D:3: 545 daAuts
  Temple: 3 daAuts
